 Dungeon Crawl Stone Soup version 0.23.2-40-g277498a001 (webtiles) character file.

Game seed: 16674156383188166893

70422 Devam the Blocker (level 15, -6/103 HPs)
             Began as an Octopode Wizard on Sept 11, 2019.
             Was an Initiate of Gozag.
             Killed from afar by a hell hound (22 damage)
             ... with a blast of flame
             ... led by Azrael
             ... on level 13 of the Dungeon.
             The game lasted 02:22:49 (36694 turns).

Devam the Blocker (Octopode Wizard)                Turns: 36694, Time: 02:22:49

Health: -6/103     AC:  6    Str:  9    XL:     15   Next: 33%
Magic:  8/27       EV: 19    Int: 40    God:    Gozag
Gold:   1783       SH: 13    Dex: 15    Spells: 3/30 levels left

rFire    . . .     SeeInvis +   E - +12 dagger "Sedif" {protect, MP+9 Int+5}
rCold    . . .     Gourm    .   V - +0 shield
rNeg     + . .     Faith    .   a - +2 hat
rPois    +         Spirit   .   y - +2 amulet of reflection
rElec    +         Reflect  +   b - ring of poison resistance
rCorr    +         Harm     .   r - ring of resist corrosion
MR       ++...                  B - ring of flight
Stlth    ++++++....             J - ring of wizardry
HPRegen  1.27/turn              G - ring of Eternal Harmony {*Slow Int+7 Slay+2 SInv Stlth+}
MPRegen  0.20/turn              L - ring "Wefyn" {rN+ MR+}
                                R - ring of Salvation {+Fly rElec MP-9 Int+3}
                                Z - ring "Idie" {AC+3 Str+2 Dex+3}

@: regenerating
A: almost no armour, stealthy swim, amphibious, 8 rings, constrict 8, camouflage
1, gelatinous body 1
a: Potion Petition, Call Merchant, Bribe Branch, Renounce Religion, Evoke Flight


You were on level 13 of the Dungeon.
You worshipped Gozag.
Gozag was most pleased with you.
You were not hungry.

You visited 5 branches of the dungeon, and saw 24 of its levels.

You collected 8030 gold pieces.
You spent 1707 gold pieces at shops.
You paid 4540 gold pieces to Gozag.

Inventory:

Hand Weapons
 E - the +12 dagger "Sedif" (weapon) {protect, MP+9 Int+5}
   (You bought it in a shop on level 8 of the Dungeon)

   It protects the one who uses it against injury (+AC on strike).
   It affects your intelligence (+5).
   It affects your magic capacity (+9).
 Y - a +1 short sword of holy wrath
Missiles
 e - 6 throwing nets (quivered)
Armour
 a - a +2 hat (worn)
 V - a +0 shield (worn)
Jewellery
 b - a ring of poison resistance (left tentacle)
 r - a ring of resist corrosion (right tentacle)
 y - a +2 amulet of reflection (around mantle)
 B - a ring of flight (on tentacle)
 G - the ring of Eternal Harmony (on tentacle) {*Slow Int+7 Slay+2 SInv Stlth+}
   (You acquired it on level 9 of the Dungeon)

   [ring of stealth]

   It affects your intelligence (+7).
   It affects your accuracy and damage with ranged weapons and melee attacks
   (+2).
   It lets you see invisible.
   It may slow you when you take damage.
   It makes you more stealthy.
 J - a ring of wizardry (on tentacle)
 L - the ring "Wefyn" (on tentacle) {rN+ MR+}
   (You bought it in a shop on level 9 of the Dungeon)

   [ring of protection from magic]

   It protects you from negative energy.
   It affects your resistance to hostile enchantments.
 R - the ring of Salvation (on tentacle) {+Fly rElec MP-9 Int+3}
   (You found it on level 4 of the Lair of Beasts)

   [ring of flight]

   It affects your intelligence (+3).
   It insulates you from electricity.
   It affects your magic capacity (-9).
   It lets you fly.
 Z - the ring "Idie" (on tentacle) {AC+3 Str+2 Dex+3}
   (You bought it in a shop on level 2 of the Orcish Mines)

   [ring of protection]

   It affects your AC (+3).
   It affects your strength (+2).
   It affects your dexterity (+3).
Wands
 n - a wand of polymorph (14)
 q - a wand of acid (13)
 D - a wand of random effects (63)
 H - a wand of scattershot (6)
 K - a wand of flame (84)
 M - a wand of disintegration (27)
 Q - a wand of clouds (11)
 W - a wand of enslavement (11)
Scrolls
 d - 7 scrolls of remove curse {@r2}
 f - a scroll of enchant weapon
 g - 2 scrolls of fear
 m - a scroll of torment
 t - 5 scrolls of teleportation
 u - a scroll of enchant armour
 v - 3 scrolls of magic mapping
 w - a scroll of holy word
 O - a scroll of blinking
 S - 3 scrolls of vulnerability
 U - 5 scrolls of identify {@r1}
Potions
 h - 3 potions of agility
 i - 3 potions of might
 j - a potion of lignification
 k - 2 potions of haste
 l - 2 potions of cancellation
 o - 2 potions of brilliance
 p - 11 potions of curing {@q1}
 x - 4 potions of invisibility
 z - 2 potions of flight
 C - a potion of berserk rage
 T - a potion of magic
Comestibles
 c - 18 rations


   Skills:
 - Level 10.1 Fighting
 - Level 10.0 Short Blades
 - Level 10.0 Dodging
 - Level 10.0 Stealth
 + Level 11.2 Shields
 - Level 8.0 Spellcasting
 - Level 8.0 Conjurations
 - Level 4.0 Hexes
 - Level 4.2 Charms
   Level 4.0 Summonings
 - Level 5.0 Necromancy
 - Level 2.0 Translocations
 - Level 5.0 Fire Magic
 - Level 4.1 Air Magic
 - Level 4.4 Poison Magic


You had 3 spell levels left.
You knew the following spells:

 Your Spells              Type           Power        Failure   Level  Hunger
a - Magic Dart            Conj           ####         1%          1    None
b - Blink                 Tloc           N/A          1%          2    None
d - Conjure Flame         Conj/Fire      ######..     1%          3    None
e - Mephitic Cloud        Conj/Pois/Air  ######..     1%          3    None
f - Regeneration          Chrm/Necr      ######....   1%          3    None
g - Vampiric Draining     Necr           ######....   1%          3    None
h - Dazzling Spray        Conj/Hex       ######       1%          3    None
i - Fireball              Conj/Fire      ######....   2%          5    ###....
j - Sticky Flame          Conj/Fire      ######..     1%          4    None

Your spell library contained the following spells:

 Spells                   Type           Power        Failure   Level  Hunger
 Animate Skeleton         Necr           N/A          1%          1    None
 Corona                   Hex            #####..      1%          1    None
 Flame Tongue             Conj/Fire      #####        1%          1    None
 Pain                     Necr           ####         1%          1    None
 Call Imp                 Summ           #####...     1%          2    None
 Ensorcelled Hibernation  Hex/Ice        ####..       1%          2    None
 Searing Ray              Conj           ######       1%          2    None
 Slow                     Hex            #####...     1%          2    None
 Throw Flame              Conj/Fire      ######       1%          2    None
 Confuse                  Hex            #####...     1%          3    None
 Inner Flame              Hex/Fire       ######..     1%          3    None
 Stone Arrow              Conj/Erth      #####.       1%          3    None
 Tukima's Dance           Hex            #####...     1%          3    None
 Animate Dead             Necr           N/A          1%          4    None
 Force Lance              Conj/Tloc      ######..     1%          4    None
 Fulminant Prism          Conj/Hex       ######....   1%          4    None
 Iskenderun's Mystic Bla  Conj           ######..     1%          4    None
 Irradiate                Conj/Tmut      #####.....   8%          5    ###....
 Conjure Ball Lightning   Conj/Air       ######....   17%         6    #####..
 Hydra Form               Tmut           ###.......   88%         6    #####..
 Statue Form              Tmut/Erth      ###......    88%         6    #####..
 Dragon Form              Tmut           ###.......   100%        7    ######.


Dungeon Overview and Level Annotations

Branches:
Dungeon (14/15)            Temple (1/1) D:6            Lair (6/6) D:10
  Swamp (0/4) Lair:2        Snake (0/4) Lair:4        Slime (0/5) Lair:5
    Orc (2/2) D:11            Elf (1/3) Orc:2
 Vaults: D:13-14

Altars:
Ashenzari
Dithmenos
Elyvilon
Gozag
Hepliaklqana
Kikubaaqudgha
Makhleb
Nemelex Xobeh
Qazlal
Sif Muna
Trog
Uskayaw
Vehumet
Wu Jian
Xom
Yredelemnul
Zin
The Shining One

Shops:
D:8 (   D:9 =*   D:10 [   Orc:1 [   Orc:2 =?!%[   Lair:1 *[*%

Portals:
Trove: D:10 (give 17 potions of curing)

Annotations:
D:13 Azrael
Lair:6 1 runed translucent door, Meegle's ghost, journeyman DEFE


Innate Abilities, Weirdness & Mutations

You cannot wear most types of armour.
You are very stealthy in the water. (Stealth+)
You are amphibious.
You can wear up to eight rings at the same time.
You can use your tentacles to constrict eight enemies at once.
Your skin changes colour to match your surroundings (Stealth+).
Your rubbery body absorbs attacks. (AC +1, EV +1)


Message History

The hell hound bites you!
You are covered in liquid flames!
The hell hound breathes flames at you.
The blast of flame misses the hell hound.
The blast of flame hits you!!
* * * LOW HITPOINT WARNING * * *
The hell hound misses you.
As you read the scroll of fear, it crumbles to dust.
You assume a fearsome visage.
Azrael is unaffected.
The hell hound is unaffected. x7; You block the hell hound's attack.
The hell hound closely misses you. You block the hell hound's attack.
The hell hound breathes flames at you.
The blast of flame hits the hell hound.
The hell hound completely resists.
The blast of flame misses you. The hell hound bites you.
* * * LOW HITPOINT WARNING * * *
The hell hound barely misses you. The hell hound completely misses you.
The hell hound breathes flames at you. The blast of flame hits you!!
You die...
Your body crumbles into a pile of gold.

......# [.....#
....... ####### ###
###+### ..####
#..@h.#
#....#########hhhh.#
####........°○Rhh..#
###########○....#
#....># #.....#
#######


You could see Azrael and 7 hell hounds.

Vanquished Creatures
  An orc warlord (Orc:1)
  The ghost of Destapler the Cleaver, a journeyman MiFi of Qazlal (Lair:1)
  Snorg (D:10)
  Harold (D:10)
  7 hydras
  A centaur warrior (D:13)
  2 two-headed ogres
  3 catoblepae
  9 death yaks
  Sonja (D:10)
  A fire crab (Lair:6)
  An unseen horror (D:12)
  2 wizards (D:12)
  2 orc knights (Orc:2)
  3 orc sorcerers (Orc:1)
  6 ugly things
  4 oklob plants (Lair:4)
  3 manticores
  4 deep elf magi
  6 elephants
  Joseph (D:7)
  Maurice (D:10)
  6 black mambas
  A torpor snail (Lair:6)
  13 spiny frogs
  A gargoyle (D:11)
  A kobold demonologist (D:10)
  3 rime drakes
  8 komodo dragons
  An efreet (D:13)
  A tengu conjurer (D:12)
  A polar bear (Lair:5)
  3 meliai (D:12)
  3 trolls
  11 blink frogs
  3 slime creatures (D:13)
  5 dream sheep
  8 hippogriffs
  A shadow (D:12)
  A wraith (D:8)
  24 yaks
  2 vampires
  A wyvern (D:11)
  2 fire elementals (D:12)
  A steam dragon (D:12)
  2 fire bats (Lair:1)
  8 basilisks
  A hungry ghost (D:10)
  2 soldier ants
  12 water moccasins
  A hell hound (D:13)
  8 porcupines
  37 orc warriors
  A hornet zombie (D:12)
  4 ice beasts
  4 black bears
  An eye of draining (D:13)
  A necrophage (D:10)
  2 sky beasts
  10 ogres
  9 wolves
  13 crocodiles
  15 centaurs
  10 big kobolds
  14 bullfrogs
  A wyvern zombie (D:13)
  7 scorpions
  A water moccasin skeleton (D:10)
  7 killer bees
  4 wights (D:11)
  2 electric eels (Lair:4)
  6 howler monkeys
  9 crimson imps
  A centaur zombie (D:9)
  6 jellies
  2 centaur skeletons
  15 orc priests
  3 bullfrog zombies
  7 hounds
  2 bullfrog skeletons (D:4)
  8 iguanas
  A hell rat (Lair:6)
  25 orc wizards
  6 worker ants
  2 hound skeletons (D:8)
  A worker ant zombie (D:5)
  3 gnolls (D:4)
  21 adders
  2 shadow imps
  An adder skeleton (D:5)
  An adder zombie (D:9)
  2 worms
  5 dart slugs
  6 leopard geckos
  107 orcs
  5 giant cockroaches
  2 gnoll zombies (D:7)
  12 goblins
  7 hobgoblins
  17 jackals
  40 kobolds
  4 quokkas
  2 ball pythons
  6 bats
  3 frilled lizards
  A jackal zombie (D:7)
  A leopard gecko skeleton (D:3)
  A quokka skeleton (D:7)
  A quokka zombie (D:3)
  8 rats
  2 butterflies
  A fire vortex (Lair:1)
  A fungus (Lair:6)
  3 plants
698 creatures vanquished.

Vanquished Creatures (collateral kills)
  A two-headed ogre (D:8)
  A troll (D:7)
  An ice beast (D:6)
  An orc warrior (D:6)
  An orc priest (D:3)
  An orc (D:3)
6 creatures vanquished.

Vanquished Creatures (others)
  2 orc warriors (Orc:2)
  2 centaurs (Orc:2)
  5 orcs (Orc:2)
  2 kobolds
  A bush (Lair:6)
  27 fungi
  27 plants
66 creatures vanquished.

Grand Total: 770 creatures vanquished

Notes
Turn   | Place    | Note
-------+----------+-------------------------------------------
     0 | D:1      | Devam the Octopode Wizard began the quest for the Orb.
     0 | D:1      | Reached XP level 1. HP: 11/11 MP: 4/4
   419 | D:1      | Reached XP level 2. HP: 17/17 MP: 0/6
  1027 | D:1      | Reached XP level 3. HP: 21/21 MP: 2/7
  1207 | D:1      | Learned a level 2 spell: Blink
  1210 | D:1      | Learned a level 2 spell: Call Imp
  1214 | D:1      | Learned a level 3 spell: Conjure Flame
  1502 | D:2      | Reached XP level 4. HP: 27/27 MP: 2/8
  2044 | D:2      | Reached XP level 5. HP: 19/31 MP: 1/9
  2999 | D:3      | Learned a level 3 spell: Mephitic Cloud
  3033 | D:3      | Found a white marble altar of Elyvilon.
  3569 | D:4      | Noticed an ogre
  3758 | D:4      | Reached XP level 6. HP: 24/36 MP: 7/12
  3806 | D:4      | Reached skill level 1 in Air Magic
  3806 | D:4      | Reached skill level 1 in Poison Magic
  3929 | D:4      | Reached skill level 1 in Fire Magic
  4326 | D:4      | Reached skill level 5 in Conjurations
  4326 | D:4      | Reached XP level 7. HP: 34/41 MP: 6/13
  4450 | D:4      | Found a shattered altar of Ashenzari.
  5351 | D:5      | Entered Level 5 of the Dungeon
  6729 | D:6      | Found a staircase to the Ecumenical Temple.
  6735 | Temple   | Entered the Ecumenical Temple
  6818 | Temple   | Became a worshipper of Gozag Ym Sagoz the Greedy
  6886 | D:6      | Reached XP level 8. HP: 38/46 MP: 9/14
  7733 | D:7      | Noticed Joseph
  7758 | D:7      | Killed Joseph
  7931 | D:7      | Learned a level 3 spell: Regeneration
  8044 | D:6      | Reached XP level 9. HP: 42/51 MP: 2/15
  8943 | D:5      | Reached skill level 5 in Spellcasting
  9436 | D:7      | Reached skill level 5 in Stealth
  9576 | D:7      | Found an ornate altar of the Wu Jian Council.
  9656 | D:7      | Found a basalt altar of Yredelemnul.
  9713 | D:7      | Learned a level 3 spell: Vampiric Draining
  9829 | D:8      | Reached skill level 5 in Dodging
  9924 | D:7      | Reached skill level 1 in Charms
  9924 | D:7      | Reached skill level 1 in Necromancy
 10230 | D:8      | Noticed a two-headed hydra
 10237 | D:8      | Killed a two-headed hydra
 10237 | D:8      | Reached XP level 10. HP: 21/56 MP: 10/17
 10626 | D:7      | Reached skill level 1 in Fighting
 10968 | D:8      | Reached skill level 5 in Necromancy
 10993 | D:8      | Found a stormy altar of Qazlal.
 10993 | D:8      | Found a hazy altar of Hepliaklqana.
 10995 | D:8      | Noticed a two-headed ogre
 11388 | D:8      | Noticed a rakshasa
 11391 | D:8      | Found Veuw's Antique Weapon Boutique.
 11398 | D:8      | Bought a dazzling dagger for 189 gold pieces
 11414 | D:8      | Identified the +12 dagger "Sedif" {protect, MP+9 Int+5}
                  | (You bought it in a shop on level 8 of the Dungeon)
 11472 | D:8      | Killed a two-headed ogre
 11623 | D:8      | Found a deep blue altar of Sif Muna.
 11628 | D:8      | Found a bloodstained altar of Trog.
 11839 | D:8      | Reached skill level 5 in Fighting
 12510 | D:9      | Found a radiant altar of Vehumet.
 12698 | D:9      | Reached XP level 11. HP: 74/74 MP: 19/19
 12728 | D:9      | Found Haesesk's Assorted Antiques.
 12801 | D:9      | Got a warped falchion
 12802 | D:9      | Identified the +12 falchion "Sok Xil" {freeze, rF+ Int+4}
                  | (You found it on level 9 of the Dungeon)
 12830 | D:9      | Identified a scroll of acquirement
 12831 | D:9      | Got a smoking amber ring
 12832 | D:9      | Identified the ring of Eternal Harmony {*Slow Int+7 Slay+2
                  | SInv Stlth+} (You acquired it on level 9 of the Dungeon)
 13011 | D:9      | Learned a level 4 spell: Animate Dead
 13593 | D:10     | Entered Level 10 of the Dungeon
 13635 | D:10     | Noticed Snorg
 13635 | D:10     | Noticed Sonja
 13705 | D:10     | Found Ygon's Armour Shop.
 14098 | D:9      | Bought the ring "Wefyn" {rN+ MR+} for 506 gold pieces
 14120 | D:10     | Noticed Maurice
 14141 | D:10     | Killed Maurice
 14246 | D:10     | Noticed Harold
 14300 | D:10     | Found a portal to a secret trove of treasure.
 14391 | D:10     | Killed Harold
 14630 | D:10     | Killed Snorg
 14630 | D:10     | Reached skill level 10 in Fighting
 14816 | D:10     | Reached skill level 1 in Short Blades
 14890 | D:10     | Found a staircase to the Lair.
 14931 | D:10     | Killed Sonja
 15666 | D:11     | Noticed a red ugly thing
 15958 | D:11     | Noticed a white ugly thing
 16147 | Lair:1   | Entered Level 1 of the Lair of Beasts
 16230 | Lair:1   | Reached skill level 5 in Short Blades
 16468 | Lair:1   | Reached XP level 12. HP: 67/87 MP: 21/21
 17346 | Lair:1   | Found a large runed translucent door.
 17348 | Lair:1   | Found a large runed translucent door.
 17352 | Lair:1   | Noticed Destapler's ghost (journeyman MiFi)
 18024 | Lair:2   | Found a staircase to the Swamp.
 18758 | Lair:2   | Reached skill level 1 in Shields
 18921 | Lair:3   | Reached skill level 2 in Shields
 18994 | Lair:3   | Reached skill level 3 in Shields
 19039 | Lair:3   | Noticed a seven-headed hydra
 19416 | Lair:3   | Killed a seven-headed hydra
 19416 | Lair:3   | Reached skill level 4 in Shields
 19620 | Lair:4   | Noticed a seven-headed hydra
 19751 | Lair:4   | Found a staircase to the Snake Pit.
 19815 | Lair:4   | Reached skill level 10 in Short Blades
 20109 | Lair:4   | Reached XP level 13. HP: 78/92 MP: 22/23
 20324 | Lair:4   | Learned a level 5 spell: Fireball
 21825 | Lair:4   | Got a crude platinum ring
 21836 | Lair:4   | Identified the ring of Salvation {+Fly rElec MP-9 Int+3}
                  | (You found it on level 4 of the Lair of Beasts)
 23955 | Lair:5   | Found a staircase to the Slime Pits.
 24102 | Lair:5   | Reached skill level 5 in Shields
 24279 | Lair:6   | Entered Level 6 of the Lair of Beasts
 25639 | Lair:6   | Reached skill level 10 in Stealth
 25639 | Lair:6   | Reached skill level 6 in Shields
 25791 | Lair:6   | Reached XP level 14. HP: 50/99 MP: 21/26
 26413 | Lair:6   | Learned a level 3 spell: Dazzling Spray
 26418 | Lair:6   | Learned a level 4 spell: Sticky Flame
 26436 | Lair:6   | Reached skill level 1 in Hexes
 26450 | Lair:6   | Reached skill level 7 in Shields
 26608 | Lair:6   | Found a runed translucent door.
 26608 | Lair:6   | Found a shimmering altar of Xom.
 26608 | Lair:6   | Noticed Meegle's ghost (journeyman DEFE)
 26608 | Lair:6   | Identified the cursed +0 scythe "Odiff" {chaos, rF- Int+3
                  | Stlth+}
 26609 | Lair:6   | Found the +3 robe of Clouds {+Thunder rCloud rElec}
 29516 | D:11     | You fall through a shaft!
 29861 | D:12     | Reached skill level 8 in Shields
 30097 | D:12     | You fall through a shaft for 2 floors!
 30755 | D:11     | Found a glowing golden altar of the Shining One.
 31111 | D:11     | Reached skill level 10 in Dodging
 31751 | D:11     | Found a staircase to the Orcish Mines.
 31972 | D:11     | Found an opulent altar of Gozag.
 32181 | Orc:1    | Entered Level 1 of the Orcish Mines
 32568 | Orc:2    | Entered Level 2 of the Orcish Mines
 32579 | Orc:2    | Found a staircase to the Elven Halls.
 32589 | Orc:1    | Found Teighet's Armour Shop.
 32670 | Orc:1    | Noticed an orc warlord
 32758 | Elf:1    | Entered Level 1 of the Elven Halls
 32767 | Orc:2    | Reached skill level 9 in Shields
 32994 | Orc:1    | Killed an orc warlord
 32994 | Orc:1    | Reached skill level 5 in Fire Magic
 33283 | Orc:2    | Found Kipn's Distillery.
 33283 | Orc:2    | Found Taom's Food Shoppe.
 33283 | Orc:2    | Found Leto's Antique Armour Emporium.
 34024 | Orc:2    | Found Ofamoen's Magic Scroll Boutique.
 34350 | Orc:2    | Reached XP level 15. HP: 103/103 MP: 20/27
 34351 | Orc:2    | Found Secot's Jewellery Emporium.
 34362 | Orc:2    | Bought the ring "Idie" {AC+3 Str+2 Dex+3} for 577 gold
                  | pieces
 34671 | Lair:1   | Killed Destapler's ghost
 34964 | Lair:1   | Bought a levitating book for 435 gold pieces
 35211 | D:12     | Reached skill level 10 in Shields
 36408 | D:13     | Reached skill level 11 in Shields
 36679 | D:13     | Noticed Azrael
 36694 | D:13     | Killed from afar by a hell hound

Skill      XL: |  1  2  3  4  5  6  7  8  9 10 11 12 13 14 15 |
---------------+----------------------------------------------+-----
Conjurations   | 2 3 4 5 6 7 8 |  8.0
Spellcasting   | 4 5 6 7 8 |  8.0
Air Magic      | 1 2 3 4 |  4.1
Poison Magic   | 1 2 4 |  4.4
Fire Magic     | 1 3 4 5 |  5.0
Summonings     | 2 4 |  4.0
Translocations | 2 |  2.0
Stealth        | 3 5 10 | 10.0
Dodging        | 5 8 10 | 10.0
Charms         | 4 |  4.2
Necromancy     | 4 5 |  5.0
Fighting       | 6 10 | 10.1
Short Blades   | 5 10 | 10.0
Shields        | 4 6 9 11 | 11.2
Hexes          | 4 |  4.0

Action                   |  1- 3 |  4- 6 |  7- 9 | 10-12 | 13-15 || total
-------------------------+-------+-------+-------+-------+-------++-------
Melee: Constrict         |     4 |    26 |    37 |    73 |    99 ||   239
       Dagger            |     7 |    72 |   163 |   442 |   795 ||  1479
       Tentacles         |     1 |    14 |    32 |    59 |   168 ||   274
       Unarmed           |     1 |       |       |       |       ||     1
       Short sword       |       |       |       |       |    79 ||    79
Throw: Throwing net      |       |       |       |       |     2 ||     2
 Cast: Magic Dart        |    71 |   140 |   309 |   386 |   166 ||  1072
       Mephitic Cloud    |       |     4 |    19 |    73 |    35 ||   131
       Blink             |       |     2 |     9 |    16 |    36 ||    63
       Call Imp          |       |     2 |    10 |     8 |     4 ||    24
       Conjure Flame     |       |     1 |     7 |    13 |    15 ||    36
       Vampiric Draining |       |       |       |    22 |     7 ||    29
       Regeneration      |       |       |       |     3 |    14 ||    17
       Animate Dead      |       |       |       |     1 |       ||     1
       Fireball          |       |       |       |       |    68 ||    68
       Dazzling Spray    |       |       |       |       |   180 ||   180
       Sticky Flame      |       |       |       |       |     7 ||     7
Invok: Call Merchant     |       |       |       |     1 |     4 ||     5
       Potion Petition   |       |       |       |     1 |       ||     1
  Use: Scroll            |       |     5 |    14 |    17 |    10 ||    46
       Potion            |       |       |       |     2 |     5 ||     7
 Stab: Sleeping          |     2 |     1 |     1 |     9 |    23 ||    36
       Confused          |       |     2 |     2 |    21 |    15 ||    40
       Distracted        |       |       |       |     1 |     4 ||     5
       Petrified         |       |       |       |       |     3 ||     3
       Invisible         |       |       |       |       |    24 ||    24
  Eat: Chunk             |     1 |    10 |     8 |       |       ||    19
       Ration            |       |       |     3 |    10 |    18 ||    31
Armor: Skin              |       |    15 |    44 |    55 |    63 ||   177
Dodge: Dodged            |    10 |    73 |   131 |   264 |   303 ||   781
Block: Other             |       |       |     9 |    25 |       ||    34
       Reflection        |       |       |       |     6 |    40 ||    46
       Buckler           |       |       |       |    27 |    23 ||    50
       Shield            |       |       |       |       |   307 ||   307
